 Dungeon Crawl Stone Soup version 0.31.0-11-ge490571c62 (webtiles) character file.

Game seed: 11516317402947252682

165 qw the Skirmisher (level 5, 0/29 HPs)
             Began as a Deep Elf Hunter on Feb 3, 2024.
             Incinerated by a bombardier beetle (3 damage)
             ... with a burning spray
             ... on level 4 of the Dungeon.
             The game lasted 00:00:14 (2241 turns).

qw the Skirmisher (Deep Elf Hunter)                 Turns: 2241, Time: 00:00:14

Health: 0/29       AC:  8    Str: 10    XL:     5   Next: 22%
Magic:  7/7        EV: 11    Int: 14    God:
Gold:   220        SH:  0    Dex: 18    Spells: 4/4 levels left

rFire   . . .        a - +0 shortbow (drain)
rCold   + . .        (shield currently unavailable)
rNeg    . . .        b - +0 ring mail
rPois   .            (no helmet)
rElec   .            (no cloak)
rCorr   .            e - +2 pair of gloves
SInv    .            (no boots)
Will    .....        i - amulet of faith
Stlth   +            h - ring of protection from cold
HPRegen 0.24/turn    (no ring)
MPRegen 0.10/turn

%: faith
@: on fire, glowing
A: no striking features
a: no special abilities


You were on level 4 of the Dungeon.
You visited 1 branch of the dungeon, and saw 4 of its levels.

You collected 220 gold pieces.


   Skills:
 - Level 1.5 Fighting
 + Level 8.7 Ranged Weapons
 - Level 2.4 Dodging
 - Level 1.2 Stealth


You had 4 spell levels left.
You didn't know any spells.
Your spell library was empty.

Inventory:

Hand Weapons
 a - a +0 shortbow of draining (weapon)
Armour
 b - a +0 ring mail (worn)
 e - a +2 pair of gloves (worn)
Jewellery
 h - a ring of protection from cold (left hand)
 i - an amulet of faith (around neck)
Wands
 c - a wand of acid (17)
Potions
 d - a potion of mutation
 f - a potion of magic {unknown}
 g - a potion of resistance {unknown}
 k - a potion of brilliance {unknown}
 l - 2 potions of haste {unknown}

Dungeon Overview and Level Annotations

Branches:
Dungeon (4/15)
 Temple: D:4-7

Altars:
Cheibriados
Dithmenos

Shops:
D:4 (


Message History

You kill the ribbon worm!
You see here a ribbon worm corpse.
There is an entrance to Wenoheki's Antique Weapon Boutique here.
c - a wand of acid (17) (gained 5 charges)
A bombardier beetle comes into view.
You shoot an arrow.
The arrow hits the bombardier beetle but does no damage.
You drain the bombardier beetle.
The bombardier beetle is lightly wounded.
You shoot an arrow. The arrow hits the bombardier beetle.
You drain the bombardier beetle.
The bombardier beetle is heavily wounded.
You shoot an arrow. The arrow hits the bombardier beetle.
The bombardier beetle is severely wounded.
The bombardier beetle sprays incendiary fluid at you.
The burning spray hits you.
You are covered in liquid fire!
You shoot an arrow. The arrow hits the bombardier beetle.
The bombardier beetle is almost dead.
The liquid fire burns you!
You shoot an arrow.
The arrow closely misses the bombardier beetle.
The liquid fire burns you!
You shoot an arrow. The arrow hits the bombardier beetle.
You kill the bombardier beetle!
The liquid fire burns you!
You have reached level 5!
You are on fire!
The liquid fire burns you!
You are on fire!
The liquid fire burns you!
You are on fire!
The liquid fire burns you!
You are on fire!
The liquid fire burns you!
You are on fire!
The liquid fire burns you!
You are on fire!
The liquid fire burns you!
You die...

..# .. #.. . #.#
.# #.###.# #.....#
## ##...### .###
###..#...## ..#
....####..######%#
##### ##......#@#
# ######.#.####
##########
#......##
..\.......
####.#..#
########## #..#.#
##...# #####


There were no monsters in sight!

Vanquished Creatures
  A bombardier beetle (D:4)
  2 sleepcaps
  An adder (D:3)
  A dart slug (D:2)
  3 ribbon worms
  5 orcs
  7 bats
  2 endoplasms
  2 giant cockroaches (D:2)
  3 hobgoblins
  8 kobolds
  6 quokkas
  8 ball pythons
  2 frilled lizards
  5 goblins
  4 rats
60 creatures vanquished.

Notes
Turn   | Place    | Note
-------+----------+-------------------------------------------
     0 | D:1      | qw the Deep Elf Hunter began the quest for the Orb.
     0 | D:1      | Reached XP level 1. HP: 12/12 MP: 3/3
     0 | D:1      | 0 ||| qw: Version: 0.3-a-155-g5e7d8dd
     0 | D:1      | 0 ||| qw: Game counter: 3325
     0 | D:1      | 0 ||| qw: Melee chars always use a shield: true
     0 | D:1      | 0 ||| qw: God list: Okawaru
     0 | D:1      | 0 ||| qw: Allow faded altars: false
     0 | D:1      | 0 ||| qw: Do Orc after clearing Dungeon:15 true
     0 | D:1      | 0 ||| qw: Do second Lair branch before Depths: true
     0 | D:1      | 0 ||| qw: Lair rune preference: random
     0 | D:1      | 0 ||| qw: Goals: Normal
     0 | D:1      | 0 ||| PLANNING D:1-11
    99 | D:1      | Reached XP level 2. HP: 16/16 MP: 4/4
   110 | D:1      | Reached skill level 6 in Ranged Weapons
   385 | D:1      | 385 ||| UPGRADING to +2 pair of gloves.
   390 | D:1      | 390 ||| UPGRADING to amulet of faith.
   395 | D:1      | 395 ||| UPGRADING to ring of protection from cold.
   396 | D:1      | 396 ||| READING scroll labelled ROHEOKL UNOA.
   397 | D:1      | 397 ||| READING 3 scrolls labelled POFAOD SOROTRO.
   398 | D:1      | 398 ||| READING scroll labelled HIM APLANK.
   399 | D:1      | 399 ||| READING scroll labelled UVUEGRI QIHE.
   500 | D:1      | 500 ||| READING scroll labelled KOZXENK UKLUJ.
   601 | D:1      | 601 ||| DROPPING scroll of butterflies.
   602 | D:1      | 602 ||| DROPPING 2 scrolls of fog.
   725 | D:2      | Reached XP level 3. HP: 20/20 MP: 5/5
   779 | D:2      | Found a snail-covered altar of Cheibriados.
   849 | D:2      | Reached skill level 7 in Ranged Weapons
   849 | D:2      | 849 ||| FLEEEEING.
   850 | D:2      | 850 ||| FLEEEEING.
   851 | D:2      | 851 ||| FLEEEEING.
   852 | D:2      | 852 ||| FLEEEEING.
   853 | D:2      | 853 ||| FLEEEEING.
   854 | D:2      | 854 ||| FLEEEEING.
   855 | D:2      | 855 ||| FLEEEEING.
  1287 | D:2      | 1287 ||| UPGRADING to +0 ring mail.
  1297 | D:2      | 1297 ||| DROPPING +0 leather armour.
  1531 | D:3      | Reached XP level 4. HP: 16/25 MP: 6/6
  1867 | D:3      | Found a faded altar of an unknown god.
  1973 | D:3      | 1973 ||| READING scroll labelled ONNUFA ROTUA.
  1973 | D:3      | 1973 ||| IDENTIFYING lumpy inky potion
  1974 | D:3      | 1974 ||| READING scroll labelled SOAFFI PIGRA.
  1974 | D:3      | 1974 ||| BRANDING +0 shortbow.
  1975 | D:3      | 1975 ||| READING scroll labelled KIXZATEPHO.
  1976 | D:3      | 1976 ||| DRINKING 2 ruby potions.
  1977 | D:3      | 1977 ||| DROPPING potion of invisibility.
  1979 | D:3      | 1979 ||| Stepping ~*~*~tactically~*~*~ (cloud).
  2084 | D:4      | Found a shadowy altar of Dithmenos.
  2088 | D:4      | Reached skill level 8 in Ranged Weapons
  2185 | D:4      | Found Wenoheki's Antique Weapon Boutique.
  2236 | D:4      | Reached XP level 5. HP: 18/29 MP: 7/7
  2239 | D:4      | HP: 6/29 [burnt (4)]
  2241 | D:4      | Incinerated by a bombardier beetle

Levels and vault maps discovered:
D:1:      lightli_arrival_statuegarden, layout_rooms
D:2:      layout_loops_ring, basic_altar, minmay_misc_feat_alley
D:3:      layout_loops_ring, shapermc_ecumenical_altar_acropolis
D:4:      layout_rooms, grunt_dithmenos_smoke, nicolae_vehumet_radiance,
          gammafunk_ghost_mausoleum, serial_shops, shop

Skill      XL: |  1  2  3  4 |
---------------+-------------+-----
Ranged Weapons | 6 7 8 |  8.7
Fighting       | |  1.5
Dodging        | |  2.4
Stealth        | |  1.2

Action                     |  1- 3 |  4- 6 || total
---------------------------+-------+-------++-------
   Fire: Shortbow          |   154 |    44 ||   198
    Use: Scroll            |     5 |     3 ||     8
         Potion            |       |     1 ||     1
 Armour: Leather armour    |    24 |       ||    24
         Ring mail         |     6 |     7 ||    13
  Dodge: Dodged            |    30 |     6 ||    36

Table legend:
 A = Non-vault XP
 B = Vault XP
 C = Vault XP percentage of total XP
 D = Non-vault monster count
 E = Vault monster count
 F = Vault count percentage of total count
                 A         B        C        D         E       F
            +---------+---------+-------+---------+---------+-------
      Total |     237 |       0 |   0.0 |      60 |       0 |   0.0
            +---------+---------+-------+---------+---------+-------
        D:1 |      27 |       0 |   0.0 |      18 |       0 |   0.0
        D:2 |      45 |       0 |   0.0 |      20 |       0 |   0.0
        D:3 |      75 |       0 |   0.0 |      15 |       0 |   0.0
        D:4 |      90 |       0 |   0.0 |       7 |       0 |   0.0
            +---------+---------+-------+---------+---------+-------
